 Dungeon Crawl Stone Soup version 0.31-a0-744-gbc345e7fcb (webtiles) character file.

Game seed: 725711212828534510

2191 night the Grappler (level 9, -5/53 (62) HPs)
             Began as a Purple Draconian Shapeshifter on Sept 4, 2023.
             Was a Follower of Nemelex Xobeh.
             Slain by Jeremiah
             ... wielding a +4 trident of draining
              (7 damage)
             ... on level 6 of the Dungeon on Sept 13, 2023.
             The game lasted 00:14:15 (4606 turns).

night the Grappler (Purple Draconian Shapeshifter)  Turns: 4606, Time: 00:14:16

HP:   -5/53 (62)    AC:  7    Str: 16    XL:     9   Next: 12%
MP:   3/3           EV: 12    Int: 15    God:    Nemelex Xobeh [*.....]
Gold: 645           SH:  5    Dex: 11    Spells: 8/8 levels left

rFire   + .          .
                       - Unarmed
rCold   + + +        (shield currently unavailable)
rNeg    . . .        (body armour unavailable)
rPois   .            (helmet restricted)
rElec   +            (no cloak)
rCorr   .            (no gloves)
SInv    .            (no boots)
Will    +....        h - amulet "Nerit" {Reflect rElec rC+++ Regen+ MP-9 SH+5}
Stlth   +            A - ring of protection from fire
HPRegen 1.08/turn    (no ring)
MPRegen 0.08/turn

%: reflection
@: short of breath, flux-form, glowing, heavily drained
A: glow, contaminating, reduced hp, breathe power, AC +7, unfitting armour,
cold-blooded
a: Breathe Dispelling Energy, Begin Untransformation, Renounce Religion, Draw
Escape, Draw Destruction, Draw Summoning


You were on level 6 of the Dungeon.
You worshipped Nemelex Xobeh.
Nemelex Xobeh was aware of your devotion.
You were something dangerously unstable.
You visited 1 branch of the dungeon, and saw 6 of its levels.
You also visited: Ossuary.

You collected 645 gold pieces.

Inventory:

Missiles
 e - 39 stones
 g - 18 poisoned darts
Jewellery
 h - the amulet "Nerit" (around neck) {Reflect rElec rC+++ Regen+ MP-9 SH+5}
   (You found it on level 2 of the Dungeon)

   [amulet of reflection]

   Reflect:   It reflects blocked missile attacks.
   rC+++:     It renders you almost immune to cold.
   rElec:     It insulates you from electricity.
   MP-9:      It affects your magic capacity (-9).
   Regen+:    It increases your rate of health regeneration.
   SH+5:      It affects your SH (+5).
 A - a ring of protection from fire (left hand)
Talismans
 b - a beast talisman
 c - a flux talisman (active)
Scrolls
 d - a scroll of summoning
 f - 7 scrolls of noise
 k - 2 scrolls of blinking
 n - 5 scrolls of teleportation
 p - 2 scrolls of revelation
 r - 2 scrolls of silence
 s - 3 scrolls of fog
 t - a scroll of fear {unknown}
 w - a scroll of immolation
 y - a scroll of enchant weapon {unknown}
Potions
 a - a potion of lignification
 i - a potion of enlightenment {unknown}
 j - 2 potions of curing {unknown}
 l - 2 potions of brilliance {unknown}
 m - a potion of berserk rage {unknown}
 o - 2 potions of resistance {unknown}
 q - 2 potions of might
 u - a potion of mutation
 v - 2 potions of attraction {unknown}
 x - 2 potions of ambrosia {unknown}
 z - 2 potions of heal wounds


   Skills:
 - Level 1.1 Fighting
 - Level 1.7 Dodging
 * Level 9.7 Unarmed Combat
 + Level 4.4 Invocations
 + Level 6.7 Shapeshifting


You had 8 spell levels left.
You didn't know any spells.
Your spell library contained the following spells:

 Spells                   Type           Power      Damage    Failure   Level
 Kiss of Death            Conj/Necr      0%         2d5       26%         1
 Sandblast                Erth           0%         2d4       26%         1
 Summon Small Mammal      Summ           0%         N/A       26%         1
 Cigotuvi's Dreadful Rot  Necr/Pois/Air  0%         N/A       38%         2
 Passwall                 Tmut/Erth      0%         N/A       38%         2
 Call Canine Familiar     Summ           0%         N/A       63%         3
 Confusing Touch          Hex            0%         N/A       63%         3
 Ignite Poison            Fire/Tmut/Pois 0%         N/A       63%         3
 Stone Arrow              Conj/Erth      0%         3d7       63%         3
 Summon Guardian Golem    Hex/Summ       0%         N/A       63%         3
 Dispel Undead            Necr           0%         3d6       95%         4
 Vhi's Electric Charge    Tloc/Air       0%         N/A       95%         4
 Arcjolt                  Conj/Air       0%         1d10      100%        5
 Freezing Cloud           Conj/Ice/Air   0%         6-21      100%        5
 Plasma Beam              Fire/Air       0%         2x1d10    100%        6


Dungeon Overview and Level Annotations

Branches:
Dungeon (6/15)            Ossuary (visited)
 Temple: D:4-7

Altars:
Nemelex Xobeh
Okawaru

Annotations:
D:6 Jeremiah


Innate Abilities, Weirdness & Mutations

You are something dangerously unstable.
You glow with magical radiation, making you easy to see and hit.
Foes you strike become dangerously contaminated with magical radiation.
Your maximum health is decreased, since you lack skill for your form.
You are incapable of wielding weapons or throwing items.
You can breathe bolts of dispelling energy.
Your rich purple scales are hard. (AC +7)
You cannot fit into any form of body armour.
You are cold-blooded and may be slowed by cold attacks.


Message History

You block Jeremiah's attack.
You hit the butterfly but do no damage.
The butterfly begins to glow.
Your tail-slap misses the butterfly.
The butterfly disappears in a burst of colours!
Jeremiah hits you from afar with a +4 trident of draining!
You feel drained.
You hit the butterfly.
You kill the butterfly!
The butterfly disappears in a burst of colours!
Jeremiah hits you from afar with a +4 trident of draining!
You feel drained.
You hit the butterfly.
You kill the butterfly!
The butterfly disappears in a burst of colours!
You block Jeremiah's attack.
You hit the butterfly.
You kill the butterfly!
The butterfly disappears in a burst of colours!
You are too injured to fight recklessly!
Okay, then.
Jeremiah barely misses you.
You miss Jeremiah. You tail-slap Jeremiah.
Jeremiah is heavily wounded.
Jeremiah asks you, "Have you seen the dreamshard?
I...
I need it..."
Jeremiah lets out a twisted cry.
Something smites you!
* * * LOW HITPOINT WARNING * * *
You barely miss Jeremiah.
Your tail-slap misses Jeremiah.
Jeremiah is heavily wounded.
The butterfly disappears in a burst of colours!
Jeremiah hits you with a +4 trident of draining!
* * * LOW HITPOINT WARNING * * *
You feel drained.
* * * LOW HITPOINT WARNING * * *
You barely miss Jeremiah.
Jeremiah is heavily wounded.
Jeremiah hits you with a +4 trident of draining!
You die...
Jeremiah says, "O terrible one, your will is done."
Your body glows slightly brighter and disappears.

#.............b#...
###.#...b......F... .
#..#####.b.......#
#.###.### #....b.....
#........ ##...b.....
#....$...####b.b..b...
#.......b#bb.....###..
#...b..##bF##.#..# .
#.......bB###.#..#
#.....<#### #....#
#...... #.#.#....
#...... ..#.#..#.
####### .......##
..... .. #.....$ ..
#...... ... #.......


You could see Jeremiah.

Vanquished Creatures
  Pikel (D:5)
  A water moccasin (D:6)
  An ice beast (D:6)
  A black bear (D:6)
  3 phantoms (D:4)
  Blork the orc (D:4)
  A gnoll sergeant (D:5)
  2 scorpions
  A howler monkey (D:5)
  A centaur zombie (Ossuary)
  4 hounds
  A gnoll bouda (D:3)
  2 orc priests (D:3)
  5 sleepcaps
  2 human zombies (Ossuary)
  An iguana (D:5)
  3 orc wizards (D:4)
  4 mummies
  8 gnolls
  11 adders
  A shadow imp (D:5)
  5 worms
  7 dart slugs
  16 orcs
  11 ball pythons
  9 endoplasms
  A giant cockroach (D:1)
  2 gnoll zombies (Ossuary)
  9 hobgoblins
  6 jackals (D:1)
  8 kobolds
  4 quokkas
  3 bats
  5 frilled lizards
  5 goblins
  2 hobgoblin zombies (Ossuary)
  An orc zombie (Ossuary)
  5 rats
154 creatures vanquished.

Notes
Turn   | Place    | Note
-------+----------+-------------------------------------------
     0 | D:1      | night the Draconian Shapeshifter began the quest for the
                  | Orb.
     0 | D:1      | Reached XP level 1. HP: 16/16 MP: 1/1
   107 | D:1      | Reached XP level 2. HP: 18/23 MP: 2/2
   426 | D:1      | Reached XP level 3. HP: 28/28 MP: 3/3
   797 | D:2      | Identified the amulet "Nerit" {Reflect rElec rC+++ Regen+
                  | MP-9 SH+5}
   811 | D:2      | Reached skill level 4 in Unarmed Combat
  1054 | D:2      | Reached XP level 4. HP: 29/35 MP: 0/4
  1397 | D:3      | HP: 4/35 [orc priest/+0 falchion (5)]
  1402 | D:3      | Reached skill level 5 in Unarmed Combat
  1402 | D:3      | Reached XP level 5. HP: 36/40 MP: 0/5
  2052 | D:4      | Noticed a phantom
  2063 | D:4      | Reached XP level 6. HP: 43/47 MP: 0/6
  2074 | D:4      | Reached skill level 6 in Unarmed Combat
  2386 | D:4      | Noticed Blork the orc
  2397 | D:4      | Killed Blork the orc
  2398 | D:4      | Your scales start taking on a rich purple colour.
  2398 | D:4      | Reached XP level 7. HP: 52/52 MP: 0/7
  2429 | D:4      | Reached skill level 7 in Unarmed Combat
  2429 | D:4      | Reached skill level 5 in Shapeshifting
  2454 | D:4      | Found a sand-covered staircase.
  2462 | Ossuary  | Entered an ossuary
  2858 | D:4      | Found a sparkling altar of Nemelex Xobeh.
  2868 | D:4      | Became a worshipper of Nemelex Xobeh the Trickster
  3263 | D:4      | Reached skill level 1 in Invocations
  3388 | D:4      | Reached skill level 8 in Unarmed Combat
  3391 | D:4      | Reached XP level 8. HP: 59/59 MP: 0/9
  3633 | D:4      | Upgraded the game from 0.31-a0-672-g7da72447bb to
                  | 0.31-a0-744-gbc345e7fcb
  3664 | D:5      | Entered Level 5 of the Dungeon
  3793 | D:5      | Reached skill level 2 in Invocations
  3878 | D:5      | Found an iron altar of Okawaru.
  3983 | D:5      | Reached * piety under Nemelex Xobeh
  4350 | D:6      | Noticed Pikel
  4373 | D:5      | Killed Pikel
  4374 | D:5      | Reached skill level 9 in Unarmed Combat
  4478 | D:6      | Reached XP level 9. HP: 61/64 MP: 3/12
  4532 | D:6      | Received a gift from Nemelex Xobeh
  4544 | D:6      | Noticed Jeremiah
  4605 | D:6      | HP: 3/55 [Jeremiah/+4 trident of draining (7)]
  4605 | D:6      | HP: 1/53 [Jeremiah/+4 trident of draining (2)]
  4606 | D:6      | Slain by Jeremiah

Illustrated notes

Levels and vault maps discovered:
D:1:      grunt_arrival_crossed_arrows, layout_loops_ring,
          chequers_serial_rivers_room_b
D:2:      layout_loops_ring
D:3:      layout_loops_ring, grunt_decor_cap
D:4:      minmay_polygon_palace, layout_layer_cave, nemelex_spade_bored_becter,
          gup_ossuary_entry_pyramid, nicolae_half_adder, uniq_blork_the_orc
D:5:      layout_basic, mainiacjoe_overflow_paths, st_stairs_1
D:6:      layout_rooms, serial_shops, shop, minivault_25, hex_large,
          chequers_serial_rivers_large_b, uniq_pikel, uniq_jeremiah

Skill      XL: |  1  2  3  4  5  6  7  8 |
---------------+-------------------------+-----
Unarmed Combat | 4 5 6 8 9 |  9.7
Shapeshifting  | 4 5 6 |  6.7
Invocations    | 1 4 |  4.4
Fighting       | |  1.1
Dodging        | |  1.7

Action                     |  1- 3 |  4- 6 |  7- 9 || total
---------------------------+-------+-------+-------++-------
  Melee: Unarmed           |   128 |   160 |   239 ||   527
         Tailslap          |    14 |    18 |    34 ||    66
         Punch             |     2 |     5 |     8 ||    15
Ability: Breathe Dispellin |       |       |     7 ||     7
    Use: Potion            |       |     3 |       ||     3
         Scroll            |       |       |     6 ||     6
   Stab: Sleeping          |       |       |     1 ||     1
 Armour: Skin              |    67 |    63 |    90 ||   220
  Dodge: Dodged            |    79 |    86 |    92 ||   257
  Block: Other             |     7 |    28 |    27 ||    62
         Reflection        |       |     1 |       ||     1
   Form: Flux              |       |       |     1 ||     1

Table legend: (Time is in decaauts)
 A = Elapsed time spent in this place.
 B = Non-inter-level travel time spent in this place.
 C = Inter-level travel time spent in this place.
 D = Time resting spent in this place.
 E = Time spent auto-exploring this place.
 F = Levels seen in this place.
 G = Mean time per level.
                   A        B        C        D        E       F      G
               +--------+--------+--------+--------+--------+-----+--------+
         Total |   4546 |   4387 |    159 |     92 |   3141 |   7 |  649.4 |
       Dungeon |   4300 |   4141 |    159 |     49 |   3047 |   6 |  716.7 |
       Ossuary |    245 |    245 |      0 |     43 |     94 |   1 |  245.0 |
               +--------+--------+--------+--------+--------+-----+--------+

Top non-repeatable levels by time:
     D:4: 1388 daAuts
     D:1: 787 daAuts
     D:5: 713 daAuts
     D:3: 655 daAuts
     D:2: 546 daAuts
 Ossuary: 245 daAuts
     D:6: 209 daAuts
